AoeStats
← tony le gros rou

MegaRandom

507554450Analyzed
4v4 RM · 13d ago on Sep 18, 2026· 17m 56s· 8 players
Game mode
Random Map
Map size
Large (8 player)
Population
200
Speed
Normal
Resources
Standard
Victory
Conquest
Starting age
Dark Age
Ending age
Imperial Age
RankedLock teamsTeams togetherTeam positionsShared explorationLock speedFull tech treeHidden civsTurbo modeCheats
Victory
Defeat
🇫🇷 Portuguese · France
1543
+13
🇫🇷 Slavs · France
1477
+16
🇩🇪 Romans · Germany
1465
+16
🇫🇷 Saracens · France
1439
+17
🇹🇼 Gurjaras · Taiwan
1495
-17
🇷🇺 Franks · Russia
1459
-15
🇫🇷 Malay · France
1427
-14
ALmotema
9:37 Feudal Age
7:55 Loom
9:56 Feudal Age
10:49 Double-Bit Axe
12:27 Fletching
JOK3R_LSR
7:53 Loom
10:19 Feudal Age
15:54 Fletching
稳中带皮皮中带稳反手一个还就那个翻皮水的翻
9:58 Feudal Age
10:58 Double-Bit Axe
12:06 Horse Collar
12:53 Loom
14:02 Forging
Welldone
6:36 Loom
11:30 Feudal Age
12:04 Double-Bit Axe
tony le gros rou
6:22 Loom
8:43 Feudal Age
ccereal
6:05 Loom
8:22 Feudal Age
12:58 Fletching
p0n0n0
6:02 Loom
8:46 Feudal Age
9:31 Double-Bit Axe
9:37 Horse Collar
16:19 Forging
17:15 Scale Barding Armor
Tonymontana
5:15 Loom
9:04 Feudal Age
11:44 Fletching
17:01 Double-Bit Axe
18:12 Horse Collar
Connection lost

Rejoining the realm…

Still unreachable

The connection could not be restored.

Session expired

The server has moved on; the page needs a fresh start.